 Dungeon Crawl Stone Soup version 0.26-a0-812-g31a745ddcd (webtiles) character file.

Game seed: 13978571115841151994

126 Dracia the Ruffian (level 4, 0/37 HPs)
             Began as a Draconian Transmuter on Dec 1, 2020.
             Killed by divine providence
             ... invoked by an orc priest
              (11 damage)
             ... on level 3 of the Dungeon.
             The game lasted 00:05:13 (2840 turns).

Dracia the Ruffian (Draconian Transmuter)           Turns: 2840, Time: 00:05:14

Health: 0/37       AC:  5    Str: 11 (13) XL:     4   Next: 84%
Magic:  4/7        EV: 13    Int: 12 (14) God:
Gold:   232        SH:  0    Dex:  8 (11) Spells: 1/7 levels left

rFire    + . .     SeeInvis .     - Unarmed
rCold    . . .     Faith    .   (no shield)
rNeg     . . .     Spirit   .   (armour unavailable)
rPois    .         Reflect  .   (helmet currently unavailable)
rElec    .         Harm     .   (no cloak)
rCorr    .         Rampage  .   (no gloves)
MR       .....                  (boots currently unavailable)
Stlth    +.........             (no amulet)
HPRegen  0.12/turn              d - ring of protection from fire
MPRegen  0.10/turn              (no ring)

@: appendages, wereblooded
A: unfitting armour, antennae 1, talons 2, frail 1, no potion heal 2,
cold-blooded, AC +5
a: End Transformation


You were on level 3 of the Dungeon.
You had grown temporary talons.
You visited 1 branch of the dungeon, and saw 3 of its levels.

You collected 232 gold pieces.


Innate Abilities, Weirdness & Mutations

Your plain brown scales are hard. (AC +5)
You cannot fit into any form of body armour.
You are cold-blooded and may be slowed by cold attacks.
You have a pair of small antennae on your head.
You have razor-sharp toenails.
You are frail. (-10% HP)
Potions are poor at restoring your health.


   Skills:
 - Level 5.0 Fighting
 - Level 4.5 Dodging
 - Level 7.8 Unarmed Combat
 - Level 2.0 Spellcasting
 + Level 5.5 Transmutations


You had one spell level left.
You knew the following spells:

 Your Spells              Type           Power        Failure   Level
a - Beastly Appendage     Tmut           ##....       2%          1
b - Wereblood             Tmut           ##......     4%          2
c - Spider Form           Tmut/Pois      #.........   26%         3

Your spell library contained the following spells:

 Spells                   Type           Power        Failure   Level
 Blade Hands              Tmut           ##........   61%         5
 Ice Form                 Ice/Tmut       #.......     65%         4

Inventory:

Missiles
 f - a throwing net {=f}
Armour
 m - a +0 pair of boots (melded)
Jewellery
 a - an uncursed amulet of guardian spirit {unknown}
 d - a ring of protection from fire (left hand)
 g - an uncursed amulet of regeneration {unknown}
Scrolls
 b - 2 scrolls of identify {@r1}
 c - a scroll of remove curse {@r2}
Potions
 e - 2 potions of heal wounds {@q2}
 l - a potion of magic

Dungeon Overview and Level Annotations

Branches:
Dungeon (3/15)

Altars:
Sif Muna

.....................[...#
.........................#
..........................
.........................#
.........................#
.............o..o.....#
###..###.##.####.#####
#...o####.....
#.##)@o.......
#....########## #....
...... ##.... #.... #....


You could see an orc priest and an orc wizard (fast).


Message History

The orc wizard blinks!
You see here 7 gold pieces.
Unknown command.
Casting: Beastly Appendage (safe; 3% risk of failure)
Confirm with . or Enter, or press ? or * to list all spells.
Your feet morph into talons.
Your +0 pair of boots melds into your body.
The orc hits you but does no damage.
You closely miss the orc. You punch the orc.
The orc is moderately wounded.
The orc barely misses you.
You hit the orc.
You kill the orc!
Casting: Beastly Appendage (safe; 3% risk of failure)
Confirm with . or Enter, or press ? or * to list all spells.
Your blood is infused with primal strength.
The orc wizard casts a spell.
The orc wizard blinks!
The orc priest calls down the wrath of Beogh upon you.
Pain shoots through your body!
* * * LOW HITPOINT WARNING * * *
The orc misses you.
You see here a +0 hand axe.
You punch the orc!
You kill the orc!
You hit the orc wizard but do no damage.
The orc wizard hits you but does no damage.
The orc priest invokes the aid of Beogh against you.
Beogh smites you!
You die...

Skill      XL: |  1  2  3 |
---------------+----------+-----
Unarmed Combat | 7 |  7.8
Fighting       | 5 |  5.0
Dodging        | 4 |  4.5
Transmutations | 5 |  5.5
Spellcasting   | |  2.0

Action                   |  1- 3 |  4- 6 || total
-------------------------+-------+-------++-------
Melee: Unarmed           |   129 |    34 ||   163
       Kick              |    12 |     1 ||    13
       Punch             |     1 |     1 ||     2
       Headbutt          |     8 |       ||     8
       Tailslap          |    10 |     2 ||    12
 Cast: Beastly Appendage |    24 |     6 ||    30
       Wereblood         |       |     4 ||     4
  Use: Potion            |     6 |       ||     6
       Scroll            |     4 |       ||     4
 Stab: Sleeping          |     1 |       ||     1
Armor: Skin              |    41 |    10 ||    51
Dodge: Dodged            |    65 |    24 ||    89

Levels and vault maps discovered:
D:1:      matt_arrival_grand_opening, layout_basic
D:2:      layout_loops_ring, led_sif_pool
D:3:      layout_basic, okawaru_metal_pillars_1_2

Notes
Turn   | Place    | Note
-------+----------+-------------------------------------------
     0 | D:1      | Dracia the Draconian Transmuter began the quest for the
                  | Orb.
     0 | D:1      | Reached XP level 1. HP: 16/16 MP: 3/3
   182 | D:1      | Reached XP level 2. HP: 21/23 MP: 5/5
   830 | D:1      | Learned a level 2 spell: Wereblood
  1146 | D:1      | Reached XP level 3. HP: 28/28 MP: 6/6
  1597 | D:2      | Reached skill level 4 in Unarmed Combat
  1697 | D:2      | Found a shimmering blue altar of Sif Muna.
  2257 | D:3      | Learned a level 3 spell: Spider Form
  2263 | D:3      | Gained mutation: You are frail. (-10% HP) [potion of
                  | mutation]
  2263 | D:3      | Gained mutation: Potions are less effective at restoring
                  | your health. [potion of mutation]
  2263 | D:3      | Gained mutation: Potions are poor at restoring your health.
                  | [potion of mutation]
  2263 | D:3      | Gained mutation: You have a pair of small antennae on your
                  | head. [potion of mutation]
  2264 | D:3      | Identified a potion of experience
  2264 | D:3      | Reached skill level 5 in Fighting
  2264 | D:3      | Reached skill level 4 in Dodging
  2264 | D:3      | Reached skill level 7 in Unarmed Combat
  2264 | D:3      | Reached skill level 5 in Transmutations
  2264 | D:3      | Reached XP level 4. HP: 37/37 MP: 7/7
  2840 | D:3      | Killed from afar by an orc priest

Vanquished Creatures
  A worm (D:2)
  3 leopard geckos
  5 orcs (D:3)
  2 ball pythons
  7 bats
  7 goblins
  4 hobgoblins (D:1)
  7 jackals
  A quokka (D:2)
  4 frilled lizards
  11 kobolds
  5 rats
57 creatures vanquished.

Table legend: (Time is in decaauts)
 A = Elapsed time spent in this place.
 B = Non-inter-level travel time spent in this place.
 C = Inter-level travel time spent in this place.
 D = Time resting spent in this place.
 E = Time spent auto-exploring this place.
 F = Levels seen in this place.
 G = Mean time per level.
                   A        B        C        D        E       F      G
               +--------+--------+--------+--------+--------+-----+--------+
         Total |   2827 |   2772 |     55 |    392 |   1930 |   3 |  942.3 |
       Dungeon |   2827 |   2772 |     55 |    392 |   1930 |   3 |  942.3 |
               +--------+--------+--------+--------+--------+-----+--------+

Top non-repeatable levels by time:
     D:1: 1350 daAuts
     D:2: 890 daAuts
     D:3: 585 daAuts

Table legend:
 A = Non-vault XP
 B = Vault XP
 C = Vault XP percentage of total XP
 D = Non-vault monster count
 E = Vault monster count
 F = Vault count percentage of total count
                 A         B        C        D         E       F
            +---------+---------+-------+---------+---------+-------
      Total |     102 |       0 |   0.0 |      57 |       0 |   0.0
            +---------+---------+-------+---------+---------+-------
        D:1 |      42 |       0 |   0.0 |      26 |       0 |   0.0
        D:2 |      29 |       0 |   0.0 |      17 |       0 |   0.0
        D:3 |      31 |       0 |   0.0 |      14 |       0 |   0.0
            +---------+---------+-------+---------+---------+-------
